 Dungeon Crawl Stone Soup version 0.29-a0-723-gce39da1c22 (webtiles) character file.

Game seed: 4907905543513786734

217 gobodom the Stinger (level 5, -2/32 (35) HPs)
             Began as a Demonspawn Venom Mage on June 29, 2022.
             Was a Believer of Wu Jian.
             Killed from afar by a white imp (13 damage)
             ... with a puff of frost
             ... on level 5 of the Dungeon.
             The game lasted 00:16:22 (4761 turns).

gobodom the Stinger (Demonspawn Venom Mage)         Turns: 4761, Time: 00:16:23

HP:   -2/32 (35)    AC:  5    Str: 11    XL:     5   Next: 61%
MP:   9/9           EV: 12    Int: 16    God:    Wu Jian [**....]
Gold: 165           SH:  0    Dex: 13    Spells: 8/9 levels left

rFire   + . .      SeeInvis .   x - staff of fire
rCold   . . .      Faith    .   (no shield)
rNeg    . . .      Spirit   .   a - +0 robe
rPois   .          Reflect  .   (helmet restricted)
rElec   .          Harm     .   (no cloak)
rCorr   .          Rampage  .   y - +0 pair of gloves
Will    .....                   q - +1 pair of boots
Stlth   ++........              (no amulet)
HPRegen 0.10/turn               h - +4 ring of slaying
MPRegen 0.22/turn               (no ring)

@: drained
A: antennae 1, hooves 1, magic regeneration
a: Renounce Religion, Wall Jump


You were on level 5 of the Dungeon.
You worshipped Wu Jian.
Wu Jian was pleased with you.
You visited 1 branch of the dungeon, and saw 5 of its levels.

You collected 189 gold pieces.
You spent 24 gold pieces at shops.

Inventory:

Hand Weapons
 k - a +0 great sword
Missiles
 i - 8 boomerangs
 n - 10 poisoned darts
Armour
 a - a +0 robe (worn)
 q - a +1 pair of boots (worn)
 y - a +0 pair of gloves (worn)
Magical Staves
 m - a staff of air
 x - a staff of fire (weapon)
Jewellery
 h - a +4 ring of slaying (left hand)
 u - a ring of see invisible
Wands
 p - a wand of digging (6)
 t - a wand of flame (13)
 F - a wand of mindburst (8)
Scrolls
 c - a scroll of torment {unknown}
 d - 2 scrolls of teleportation
 f - a scroll of brand weapon {unknown}
 j - a scroll of fear {unknown}
 l - a scroll of silence {unknown}
 o - a scroll of blinking {unknown}
 r - a scroll of enchant weapon {unknown}
 v - a scroll of poison {unknown}
 C - a scroll of enchant armour {unknown}
 D - a scroll of immolation {unknown}
 E - a scroll of vulnerability {unknown}
Potions
 b - 3 potions of magic
 e - 2 potions of brilliance {unknown}
 g - a potion of cancellation
 s - a potion of haste
 w - 4 potions of curing {unknown}
 z - a potion of resistance
 A - a potion of berserk rage {unknown}
 B - a potion of heal wounds {unknown}


   Skills:
 + Level 0.1 Fighting
 * Level 1.0 Staves
 + Level 1.9 Dodging
 + Level 2.4 Stealth
 + Level 0.3 Unarmed Combat
 + Level 2.9 Spellcasting
 + Level 2.2 Transmutations
 * Level 0.5 Fire Magic
 + Level 4.4 Poison Magic
 * Level 0.4 Evocations


You had 8 spell levels left.
You knew the following spells:

 Your Spells              Type           Power      Damage    Failure   Level
a - Sting                 Tmut/Pois      52%        1d5       4%          1

Your spell library contained the following spells:

 Spells                   Type           Power      Damage    Failure   Level
 Poisonous Vapours        Pois/Air       18%        N/A       12%         2
 Mephitic Cloud           Conj/Pois/Air  7%         N/A       30%         3
 Olgreb's Toxic Radiance  Pois           16%        N/A       30%         4


Dungeon Overview and Level Annotations

Branches:
Dungeon (5/15)
 Temple: D:4-7

Altars:
Dithmenos
Wu Jian

Shops:
D:4 ?=::


Innate Abilities, Weirdness & Mutations

You have a pair of small antennae on your head.
You have large cloven feet.
You regenerate magic rapidly.


Message History

Something shouts, "Scamper away, thou plume-plucked spleeny ratsbane!"
You hit the necrophage.
The necrophage is lightly damaged.
The necrophage barely misses you.
A kobold brigand comes into view.
It is wielding a +0 dagger and quivering poisoned darts.
A gnoll comes into view. It is wielding a +0 club.
You hit the necrophage.
The necrophage is lightly damaged.
The necrophage completely misses you.
You barely miss the necrophage.
The necrophage is lightly damaged.
The necrophage hits you.
You feel drained.
Aiming: Throw Flame
Press: ? - help, Q - select action, (/) - cycle Shift-Dir - straight line, f/p - necrophage
Aim: a necrophage (lightly damaged, 68% to hit)
The puff of flame misses the necrophage.
The puff of flame hits the gnoll but does no damage.
The gnoll hits you from afar with a +0 spear.
The necrophage hits you.
A kobold comes into view.
It is wielding a +0 club and quivering poisoned darts.
You spin and attack the necrophage.
You hit the necrophage.
The necrophage is heavily damaged.
The necrophage hits you but does no damage.
The gnoll hits you from afar with a +0 spear.
A white imp comes into view.
A kobold comes into view. It is wielding a +0 short sword.
You spin and attack the kobold.
You hit the kobold.
You kill the kobold!
The Council accepts your kill.
Found a stone staircase leading up.
You spin and attack the necrophage.
You hit the necrophage but do no damage.
The necrophage is heavily damaged.
You spin and attack the gnoll.
You hit the gnoll.
The gnoll is lightly wounded.
The gnoll hits you from afar with a +0 spear.
The necrophage hits you.
You feel drained.
The kobold throws a poisoned dart.
The poisoned dart barely misses you. The white imp gestures at you.
The puff of frost hits you!
You die...

....<.. .......
...K....#
....5...+ ...K...#
.......###
#..g.g.# #.Kg.@.#
#...ng.+ #......#
###########.....##
#...............#
#...............#
#....<..........#
#...............#
#################


You could see a kobold brigand, a necrophage, 4 gnolls, a white imp and 2
kobolds.

Vanquished Creatures
  A howler monkey (D:4)
  Robin (D:2)
  7 adders
  An ufetubus (D:4)
  2 worms
  3 dart slugs
  3 orcs
  7 ball pythons
  8 endoplasms
  3 giant cockroaches
  8 goblins
  14 hobgoblins
  5 jackals
  8 kobolds
  3 quokkas (D:2)
  2 bats (D:3)
  2 frilled lizards (D:2)
  2 rats
80 creatures vanquished.

Notes
Turn   | Place    | Note
-------+----------+-------------------------------------------
     0 | D:1      | gobodom the Demonspawn Venom Mage began the quest for the
                  | Orb.
     0 | D:1      | Reached XP level 1. HP: 13/13 MP: 3/3
   566 | D:1      | Gained mutation: You regenerate magic rapidly. [demonic
                  | ancestry]
   566 | D:1      | Reached XP level 2. HP: 19/19 MP: 1/5
   857 | D:1      | Reached skill level 1 in Transmutations
   949 | D:1      | Found a faded altar of an unknown god.
   952 | D:1      | Prayed at the altar of an unknown god.
   952 | D:1      | Became a worshipper of the Wu Jian Council
   952 | D:1      | Reached * piety under Wu Jian
  1518 | D:2      | Discovered your monstrous ancestry.
  1518 | D:2      | Gained mutation: You have large cloven feet. [demonic
                  | ancestry]
  1518 | D:2      | Reached XP level 3. HP: 21/24 MP: 1/6
  2097 | D:2      | Noticed Robin
  2112 | D:2      | Killed Robin
  2119 | D:2      | Gained mutation: You have a pair of small antennae on your
                  | head. [demonic ancestry]
  2119 | D:2      | Reached XP level 4. HP: 19/30 MP: 1/7
  2612 | D:3      | Found a shadowy altar of Dithmenos.
  2937 | D:3      | Reached ** piety under Wu Jian
  3011 | D:3      | Reached skill level 4 in Poison Magic
  3514 | D:4      | Found Rairuz's Book Emporium.
  3563 | D:4      | Reached XP level 5. HP: 29/35 MP: 5/9
  3622 | D:4      | Found Manulebre's Jewellery Boutique.
  3828 | D:4      | Found Mujiaq Dazu's Magic Scroll Shoppe.
  3836 | D:4      | Bought a scroll of identify for 24 gold pieces
  3903 | D:4      | Reached skill level 1 in Staves
  4168 | D:4      | Found Riocefeo's Book Shop.
  4724 | D:5      | Entered Level 5 of the Dungeon
  4761 | D:5      | Killed from afar by a white imp

Illustrated notes

Levels and vault maps discovered:
D:1:      ebering_hopf_link, layout_basic,
          hellmonk_ecumenical_altar_inner_sanctum
D:2:      layout_loops_ring, dk_noncrumbling_3, uniq_robin
D:3:      layout_loops_corners, grunt_dithmenos_smoke_and_mirrors,
          palyth_stone_intersect, minmay_fractal_squares_gapless_5
D:4:      layout_gridville, serial_shops, shop, kennysheep_little_box,
          nicolae_take_the_stairs, nicolae_shop_advertising_works
          [nicolae_subvault_shop_adworks]
D:5:      layout_gridville, lemuel_doored_altar, minmay_temple_entry_arrows,
          uniq_edmund, uniq_sigmund

Skill      XL: |  1  2  3  4  5 |
---------------+----------------+-----
Transmutations | 1 2 |  2.2
Stealth        | 2 |  2.4
Poison Magic   | 4 |  4.4
Staves         | 1 |  1.0
Fighting       | |  0.1
Dodging        | |  1.9
Unarmed Combat | |  0.3
Spellcasting   | |  2.9
Fire Magic     | |  0.5
Evocations     | |  0.4

Action                   |  1- 3 |  4- 6 || total
-------------------------+-------+-------++-------
Melee: Unarmed           |    19 |       ||    19
       Staff             |    18 |    63 ||    81
       Great sword       |     1 |       ||     1
       Kick              |     2 |       ||     2
 Cast: Sting             |    51 |    78 ||   129
Invok: Whirlwind         |     6 |    24 ||    30
       Lunge             |     3 |     5 ||     8
 Abil: Wall Jump         |       |     1 ||     1
Evoke: Wand              |       |     5 ||     5
  Use: Scroll            |       |     4 ||     4
 Stab: Sleeping          |     1 |     2 ||     3
Armor: Robe              |     9 |    32 ||    41
Dodge: Dodged            |    34 |    49 ||    83

Table legend: (Time is in decaauts)
 A = Elapsed time spent in this place.
 B = Non-inter-level travel time spent in this place.
 C = Inter-level travel time spent in this place.
 D = Time resting spent in this place.
 E = Time spent auto-exploring this place.
 F = Levels seen in this place.
 G = Mean time per level.
                   A        B        C        D        E       F      G
               +--------+--------+--------+--------+--------+-----+--------+
         Total |   4767 |   4547 |    220 |      0 |   3715 |   5 |  953.4 |
       Dungeon |   4767 |   4547 |    220 |      0 |   3715 |   5 |  953.4 |
               +--------+--------+--------+--------+--------+-----+--------+

Top non-repeatable levels by time:
     D:1: 1264 daAuts
     D:4: 1213 daAuts
     D:3: 1171 daAuts
     D:2: 1081 daAuts
     D:5: 37 daAuts
